[ AOE2 MATCH · #463291563 ]
UnrankedPersians vs Incas
[ REPLAY ANALYSIS · EXTRACTED FROM THE RECORDED GAME ]
Feudal
11:48
Castle
19:16
Imperial
32:49
| APM avg | 24.7 |
| APM peak | 65 |
| eAPM avg | 11.5 |
| Villagers / military | 115 / 136 |
Focus
⚔️ 32.5% · 🌾 67.5%
Knight ×136
Feudal
11:52
Castle
15:30
Imperial
36:46
| APM avg | 20.2 |
| APM peak | 60 |
| eAPM avg | 14.5 |
| Villagers / military | 171 / 249 |
Focus
⚔️ 25.0% · 🌾 75.0%
Kamayuk ×123 · Petard ×91 · Skirmisher ×28 · Unknown (2550) ×16 · Spearman ×5 · Monk ×2
Feudal
10:25
Castle
23:16
Imperial
39:55
| APM avg | 19.7 |
| APM peak | 43 |
| eAPM avg | 10.9 |
| Villagers / military | 70 / 159 |
Focus
⚔️ 36.1% · 🌾 63.9%
Archer ×90 · Gbeto ×58 · Trebuchet (Packed) ×7 · Spearman ×3 · Mangonel ×1
Feudal
10:26
Castle
17:49
Imperial
—
| APM avg | 14.2 |
| APM peak | 44 |
| eAPM avg | 6.8 |
| Villagers / military | 49 / 55 |
Focus
⚔️ 28.5% · 🌾 71.5%
Skirmisher ×38 · Elephant Archer ×10 · Spearman ×5 · Militia ×2
Feudal
9:55
Castle
22:58
Imperial
43:06
| APM avg | 32.3 |
| APM peak | 86 |
| eAPM avg | 22.2 |
| Villagers / military | 138 / 262 |
Focus
⚔️ 43.3% · 🌾 56.7%
Militia ×179 · Hand Cannoneer ×29 · Archer ×26 · Battering Ram ×22 · Samurai ×4 · Monk ×2
Feudal
10:29
Castle
—
Imperial
—
| APM avg | 11.9 |
| APM peak | 36 |
| eAPM avg | 7.4 |
| Villagers / military | 50 / 20 |
Focus
⚔️ 22.1% · 🌾 77.9%
Militia ×12 · Spearman ×4 · Scout Cavalry ×4
Match map
Initial resources + every placement click. Lines = walls · curves = elevation contours. ◆ gold · ⬟ stone · ● berries · ✦ relic · ◌ wall gap
Your base· ✓ Closed at 19:16 · 82t walls · 1 gate(s)
OGloc's base· Open — unwalled flank
PJtheDcoy's base· Open — 2t gap
StealthRage33's base· Open — unwalled flank
Quando's base· ✓ Closed at 22:58 · 59t walls · 1 gate(s)
Plyco's base· Open — unwalled flank
Smoothed initial terrain · ◌ = detected wall gap · hover for details
Inputs per minute
— Fr4ggi - - OGloc
Build order — Fr4ggi
First 150 of 360 actions detected
| 0:03 | Build | House |
| 0:06 | Build | House |
| 0:07 | Queue | Villager (Male) |
| 0:25 | Queue | Villager (Male) |
| 0:25 | Queue | Villager (Male) |
| 0:39 | Queue | Villager (Male) |
| 0:39 | Queue | Villager (Male) |
| 1:31 | Queue | Villager (Male) |
| 1:52 | Build | Lumber Camp |
| 2:22 | Queue | Villager (Male) |
| 2:53 | Queue | Villager (Male) |
| 3:17 | Queue | Villager (Male) |
| 3:45 | Queue | Villager (Male) |
| 3:46 | Queue | Villager (Male) |
| 4:00 | Build | House |
| 4:15 | Build | Mill |
| 4:18 | Queue | Villager (Male) |
| 4:18 | Queue | Villager (Male) |
| 4:28 | Queue | Villager (Male) |
| 4:28 | Queue | Villager (Male) |
| 4:48 | Queue | Villager (Male) |
| 5:06 | Queue | Villager (Male) |
| 5:44 | Queue | Villager (Male) |
| 5:48 | Queue | Villager (Male) |
| 6:13 | Queue | Villager (Male) |
| 6:29 | Queue | Villager (Male) |
| 6:41 | Queue | Villager (Male) |
| 6:51 | Build | House |
| 6:57 | Research | Loom |
| 6:58 | Queue | Villager (Male) |
| 7:07 | Queue | Villager (Male) |
| 7:36 | Build | Palisade Wall |
| 7:40 | Queue | Villager (Male) |
| 8:01 | Build | House |
| 8:15 | Build | Palisade Wall |
| 8:22 | Build | House |
| 8:30 | Queue | Villager (Male) |
| 8:30 | Queue | Villager (Male) |
| 8:49 | Queue | Villager (Male) |
| 9:01 | Build | Lumber Camp |
| 9:17 | Build | Barracks |
| 9:20 | Research | Feudal Age |
| 9:24 | Research | Feudal Age |
| 9:47 | Build | Palisade Wall |
| 10:22 | Build | Palisade Wall |
| 10:39 | Build | Farm |
| 10:41 | Build | Farm |
| 10:42 | Build | Farm |
| 11:30 | Build | House |
| 11:48 | Age | Feudal Age |
| 11:56 | Build | Stable |
| 11:59 | Queue | Villager (Male) |
| 11:59 | Queue | Villager (Male) |
| 12:20 | Build | House |
| 12:30 | Build | Farm |
| 12:31 | Queue | Villager (Male) |
| 12:38 | Build | House |
| 12:51 | Build | Farm |
| 12:52 | Queue | Villager (Male) |
| 13:02 | Build | Lumber Camp |
| 13:18 | Build | Palisade Wall |
| 13:30 | Build | House |
| 13:43 | Build | Farm |
| 13:53 | Build | Farm |
| 13:54 | Queue | Villager (Male) |
| 14:10 | Build | Mining Camp |
| 14:17 | Queue | Villager (Male) |
| 14:19 | Build | Farm |
| 14:24 | Queue | Villager (Male) |
| 14:51 | Queue | Villager (Male) |
| 15:03 | Build | Mill |
| 15:25 | Build | Farm |
| 15:25 | Build | Farm |
| 15:26 | Build | Farm |
| 15:29 | Queue | Villager (Male) |
| 15:56 | Build | Blacksmith |
| 16:05 | Queue | Villager (Male) |
| 16:16 | Queue | Villager (Male) |
| 16:32 | Build | Farm |
| 16:42 | Research | Castle Age |
| 16:58 | Build | Farm |
| 17:30 | Build | Palisade Gate |
| 17:37 | Queue | Villager (Male) |
| 17:44 | Build | Farm |
| 17:48 | Build | Farm |
| 17:57 | Build | Farm |
| 18:03 | Research | Double-Bit Axe |
| 18:06 | Research | Horse Collar |
| 18:17 | Research | Bloodlines |
| 18:39 | Build | Farm |
| 18:50 | Build | Farm |
| 19:02 | Research | Scale Barding Armor |
| 19:15 | Research | Gold Mining |
| 19:16 | Age | Castle Age |
| 19:20 | Queue | Knight |
| 19:27 | Queue | Villager (Male) |
| 19:59 | Build | Town Center |
| 20:02 | Build | Farm |
| 20:05 | Queue | Knight |
| 20:20 | Build | Palisade Gate |
| 20:35 | Queue | Knight |
| 20:41 | Research | Forging |
| 20:44 | Queue | Villager (Male) |
| 20:44 | Queue | Villager (Male) |
| 20:57 | Queue | Knight |
| 21:13 | Queue | Knight |
| 21:24 | Research | Bow Saw |
| 21:37 | Queue | Villager (Male) |
| 21:38 | Queue | Villager (Male) |
| 21:45 | Queue | Villager (Male) |
| 21:46 | Queue | Knight |
| 21:54 | Build | Farm |
| 22:02 | Queue | Villager (Male) |
| 22:04 | Queue | Villager (Male) |
| 22:05 | Queue | Knight |
| 22:30 | Build | Farm |
| 22:32 | Queue | Villager (Male) |
| 22:32 | Queue | Villager (Male) |
| 22:44 | Build | Lumber Camp |
| 22:50 | Queue | Villager (Male) |
| 23:00 | Queue | Knight |
| 23:21 | Queue | Villager (Male) |
| 23:22 | Queue | Villager (Male) |
| 23:25 | Queue | Villager (Male) |
| 23:36 | Research | Chain Barding Armor |
| 23:59 | Build | House |
| 24:00 | Build | House |
| 24:04 | Build | House |
| 24:08 | Queue | Villager (Male) |
| 24:08 | Queue | Villager (Male) |
| 24:12 | Research | Wheelbarrow |
| 24:15 | Build | Farm |
| 24:32 | Build | House |
| 24:58 | Build | Stable |
| 25:01 | Build | Farm |
| 25:03 | Queue | Villager (Male) |
| 25:09 | Research | Heavy Plow |
| 25:12 | Queue | Villager (Male) |
| 25:13 | Queue | Villager (Male) |
| 25:18 | Build | Farm |
| 25:22 | Build | Farm |
| 25:29 | Research | Husbandry |
| 25:30 | Queue | Knight |
| 25:30 | Queue | Knight |
| 25:58 | Research | Gold Shaft Mining |
| 26:28 | Build | Farm |
| 27:44 | Queue | Knight |
| 27:45 | Queue | Knight |
| 28:19 | Research | Hand Cart |
| 28:36 | Build | University |
Build order — OGloc
First 150 of 407 actions detected
| 0:02 | Queue | Villager (Male) ×4 |
| 0:04 | Build | House |
| 0:06 | Build | House |
| 1:27 | Queue | Villager (Male) |
| 1:56 | Build | Settlement |
| 2:16 | Queue | Villager (Male) |
| 2:16 | Queue | Villager (Male) |
| 2:16 | Queue | Villager (Male) |
| 3:08 | Queue | Villager (Male) |
| 3:08 | Queue | Villager (Male) |
| 3:15 | Build | House |
| 3:18 | Build | House |
| 3:50 | Queue | Villager (Male) |
| 4:15 | Queue | Villager (Male) |
| 4:48 | Queue | Villager (Male) |
| 5:32 | Queue | Villager (Male) |
| 5:33 | Queue | Villager (Male) |
| 5:59 | Build | Settlement |
| 6:05 | Queue | Villager (Male) |
| 6:05 | Queue | Villager (Male) |
| 6:44 | Queue | Villager (Male) |
| 7:24 | Queue | Villager (Male) |
| 7:24 | Queue | Villager (Male) |
| 7:26 | Queue | Villager (Male) |
| 8:01 | Queue | Villager (Male) |
| 8:32 | Build | Settlement |
| 8:56 | Research | Loom |
| 8:57 | Research | Feudal Age |
| 10:43 | Build | Barracks |
| 10:47 | Build | House |
| 10:48 | Build | House |
| 11:12 | Queue | Villager (Male) |
| 11:12 | Queue | Villager (Male) |
| 11:52 | Age | Feudal Age |
| 11:56 | Build | Market |
| 12:06 | Build | Blacksmith |
| 12:50 | Research | Castle Age |
| 12:50 | Research | Castle Age |
| 12:57 | Build | Farm |
| 13:01 | Build | Farm |
| 13:06 | Build | Farm |
| 13:09 | Build | Farm |
| 13:12 | Queue | Villager (Male) |
| 13:13 | Queue | Villager (Male) |
| 13:37 | Research | Double-Bit Axe |
| 14:16 | Research | Tech 1402 |
| 14:25 | Build | Farm |
| 14:28 | Build | Farm |
| 14:35 | Build | Farm |
| 14:41 | Build | Farm |
| 14:50 | Research | Horse Collar |
| 14:56 | Queue | Unit 2550 |
| 15:02 | Queue | Unit 2550 |
| 15:17 | Build | Farm |
| 15:24 | Build | Farm |
| 15:30 | Age | Castle Age |
| 15:47 | Build | Barracks |
| 15:58 | Queue | Villager (Male) |
| 16:24 | Queue | Unit 2550 |
| 16:27 | Queue | Villager (Male) |
| 16:30 | Build | Farm |
| 16:33 | Build | Farm |
| 16:47 | Queue | Villager (Male) |
| 16:58 | Queue | Unit 2550 |
| 16:59 | Queue | Unit 2550 |
| 17:13 | Research | Scale Mail Armor |
| 17:20 | Queue | Villager (Male) |
| 17:23 | Build | Farm |
| 17:26 | Build | Farm |
| 17:36 | Queue | Villager (Male) |
| 17:50 | Build | Town Center |
| 18:03 | Queue | Unit 2550 |
| 18:04 | Queue | Unit 2550 |
| 18:14 | Queue | Villager (Male) |
| 18:48 | Queue | Villager (Male) |
| 19:03 | Research | Forging |
| 19:12 | Build | Farm |
| 19:15 | Build | Farm |
| 19:19 | Build | Farm |
| 19:23 | Queue | Villager (Male) |
| 19:49 | Queue | Villager (Male) |
| 19:49 | Queue | Villager (Male) |
| 19:53 | Build | Farm |
| 19:56 | Queue | Villager (Male) |
| 20:23 | Research | Tech 1351 |
| 20:26 | Queue | Villager (Male) |
| 20:27 | Queue | Villager (Male) |
| 20:31 | Build | Farm |
| 21:05 | Queue | Villager (Male) |
| 21:08 | Queue | Villager (Male) |
| 21:14 | Build | Farm |
| 21:33 | Queue | Villager (Male) |
| 21:35 | Queue | Villager (Male) |
| 21:37 | Build | Farm |
| 21:41 | Build | Farm |
| 21:47 | Build | Farm |
| 21:50 | Build | Farm |
| 21:54 | Queue | Villager (Male) |
| 21:56 | Queue | Villager (Male) |
| 21:58 | Build | Farm |
| 22:02 | Research | Arson |
| 22:03 | Research | Squires |
| 22:05 | Queue | Unit 2550 |
| 22:07 | Queue | Unit 2550 |
| 22:07 | Queue | Unit 2550 |
| 22:15 | Queue | Villager (Male) |
| 22:21 | Queue | Villager (Male) |
| 23:09 | Queue | Villager (Male) |
| 23:11 | Queue | Villager (Male) |
| 23:26 | Build | Town Center |
| 23:36 | Queue | Villager (Male) |
| 23:36 | Queue | Villager (Male) |
| 23:37 | Queue | Villager (Male) |
| 23:37 | Queue | Villager (Male) |
| 23:40 | Build | Farm |
| 23:42 | Queue | Villager (Male) |
| 23:46 | Research | Pikeman (upgrade) |
| 24:14 | Research | Bow Saw |
| 24:18 | Queue | Villager (Male) |
| 24:21 | Queue | Villager (Male) |
| 24:29 | Build | Farm |
| 24:49 | Research | Heavy Plow |
| 24:51 | Queue | Villager (Male) |
| 24:53 | Queue | Villager (Male) |
| 24:55 | Research | Wheelbarrow |
| 24:56 | Research | Town Watch |
| 24:58 | Queue | Villager (Male) |
| 25:13 | Queue | Villager (Male) |
| 25:15 | Queue | Villager (Male) |
| 25:29 | Queue | Villager (Male) |
| 25:34 | Queue | Villager (Male) |
| 25:34 | Queue | Villager (Male) |
| 25:47 | Build | Monastery |
| 25:49 | Queue | Villager (Male) |
| 26:07 | Build | Barracks |
| 26:12 | Queue | Villager (Male) |
| 26:12 | Queue | Villager (Male) |
| 26:14 | Queue | Villager (Male) |
| 26:15 | Queue | Villager (Male) |
| 26:33 | Build | Archery Range |
| 26:40 | Queue | Villager (Male) |
| 26:42 | Queue | Villager (Male) |
| 26:45 | Build | Archery Range |
| 26:53 | Queue | Monk |
| 26:54 | Queue | Monk |
| 26:55 | Queue | Villager (Male) |
| 26:55 | Queue | Villager (Male) |
| 27:02 | Build | Farm |
| 27:06 | Build | Farm |
| 27:35 | Queue | Petard ×5 |
Build order — PJtheDcoy
First 150 of 260 actions detected
| 0:00 | Queue | Villager (Male) |
| 0:01 | Queue | Villager (Male) |
| 0:01 | Queue | Villager (Male) |
| 0:01 | Queue | Villager (Male) |
| 0:03 | Build | House |
| 0:04 | Build | House |
| 1:25 | Queue | Villager (Male) |
| 1:54 | Build | Lumber Camp |
| 1:58 | Queue | Villager (Male) |
| 2:20 | Queue | Villager (Male) |
| 2:51 | Queue | Villager (Male) |
| 3:05 | Queue | Villager (Male) |
| 3:43 | Queue | Villager (Male) |
| 4:07 | Queue | Villager (Male) |
| 4:12 | Build | House |
| 4:18 | Build | House |
| 4:22 | Build | House |
| 4:35 | Queue | Villager (Male) |
| 5:01 | Queue | Villager (Male) |
| 5:01 | Queue | Villager (Male) |
| 5:31 | Queue | Villager (Male) |
| 5:31 | Queue | Villager (Male) |
| 5:40 | Build | Mill |
| 5:52 | Queue | Villager (Male) |
| 5:52 | Research | Loom |
| 7:02 | Build | Mining Camp |
| 7:35 | Queue | Villager (Male) |
| 8:15 | Research | Feudal Age |
| 8:19 | Build | Barracks |
| 8:25 | Build | House |
| 8:35 | Build | Palisade Wall |
| 8:47 | Build | Palisade Wall |
| 8:51 | Build | Palisade Gate |
| 9:01 | Queue | Villager (Male) |
| 9:01 | Queue | Villager (Male) |
| 9:36 | Build | House |
| 9:58 | Build | Palisade Wall |
| 10:25 | Age | Feudal Age |
| 10:33 | Build | Archery Range |
| 10:40 | Research | Double-Bit Axe |
| 10:41 | Research | Horse Collar |
| 10:45 | Queue | Spearman |
| 10:52 | Build | Archery Range |
| 11:00 | Build | Palisade Wall |
| 11:08 | Build | Farm |
| 11:11 | Queue | Villager (Male) |
| 11:12 | Queue | Villager (Male) |
| 11:30 | Queue | Archer |
| 11:30 | Queue | Archer |
| 11:43 | Build | Farm |
| 11:46 | Queue | Villager (Male) |
| 12:03 | Queue | Archer |
| 12:18 | Queue | Archer |
| 12:18 | Queue | Archer |
| 12:24 | Queue | Archer |
| 12:24 | Queue | Archer |
| 12:33 | Build | Blacksmith |
| 12:46 | Queue | Villager (Male) |
| 12:47 | Queue | Villager (Male) |
| 12:50 | Queue | Archer |
| 12:58 | Build | Farm |
| 13:16 | Build | House |
| 13:17 | Build | House |
| 13:20 | Queue | Villager (Male) |
| 13:48 | Research | Fletching |
| 13:54 | Queue | Archer |
| 14:22 | Build | Palisade Wall |
| 14:33 | Build | Palisade Wall |
| 14:34 | Build | House |
| 14:38 | Research | Padded Archer Armor |
| 14:40 | Queue | Archer |
| 14:40 | Queue | Archer |
| 14:48 | Build | Palisade Wall |
| 14:50 | Build | House |
| 14:52 | Build | House |
| 14:53 | Build | House |
| 14:54 | Build | House |
| 15:03 | Queue | Villager (Male) |
| 15:19 | Queue | Archer |
| 15:19 | Queue | Archer |
| 15:22 | Queue | Villager (Male) |
| 15:30 | Build | Farm |
| 15:55 | Build | Farm |
| 15:55 | Build | Farm |
| 15:55 | Build | Farm |
| 15:56 | Build | Farm |
| 15:56 | Build | Farm |
| 15:58 | Build | Farm |
| 16:08 | Build | Farm |
| 16:10 | Queue | Villager (Male) |
| 16:16 | Build | Farm |
| 16:17 | Build | Farm |
| 16:25 | Build | Farm |
| 16:38 | Queue | Archer |
| 16:38 | Queue | Archer |
| 16:51 | Build | Farm |
| 16:53 | Queue | Villager (Male) |
| 16:53 | Queue | Villager (Male) |
| 17:37 | Queue | Archer |
| 17:38 | Queue | Archer |
| 17:49 | Queue | Spearman |
| 17:49 | Queue | Spearman |
| 17:59 | Build | Farm |
| 18:08 | Build | Farm |
| 18:11 | Research | Wheelbarrow |
| 18:13 | Queue | Villager (Male) |
| 18:29 | Queue | Archer |
| 18:30 | Queue | Archer |
| 19:14 | Build | Palisade Wall |
| 19:25 | Queue | Villager (Male) |
| 19:36 | Queue | Archer |
| 19:36 | Queue | Archer |
| 19:36 | Queue | Archer |
| 19:37 | Queue | Archer |
| 20:06 | Build | Mining Camp |
| 20:36 | Research | Castle Age |
| 20:41 | Research | Gold Mining |
| 21:17 | Research | Stone Mining |
| 21:35 | Queue | Archer |
| 21:36 | Queue | Archer |
| 21:39 | Queue | Archer |
| 21:40 | Queue | Archer |
| 22:53 | Build | Mining Camp |
| 23:16 | Age | Castle Age |
| 23:17 | Research | Crossbowman (upgrade) |
| 23:18 | Research | Bodkin Arrow |
| 23:22 | Research | Thumb Ring |
| 23:24 | Queue | Villager (Male) |
| 23:24 | Queue | Villager (Male) |
| 23:34 | Build | Town Center |
| 24:23 | Build | University |
| 24:25 | Build | House |
| 24:44 | Queue | Archer |
| 24:44 | Queue | Archer |
| 24:53 | Research | Squires |
| 25:00 | Queue | Villager (Male) |
| 25:01 | Queue | Villager (Male) |
| 25:06 | Queue | Villager (Male) |
| 25:06 | Queue | Villager (Male) |
| 25:28 | Queue | Archer |
| 25:28 | Queue | Archer |
| 25:45 | Queue | Villager (Male) ×5 |
| 25:45 | Queue | Villager (Male) |
| 26:31 | Build | Lumber Camp |
| 27:23 | Research | Ballistics |
| 27:28 | Research | Leather Archer Armor |
| 27:33 | Queue | Villager (Male) ×5 |
| 27:33 | Queue | Villager (Male) |
| 28:39 | Build | Farm |
| 29:01 | Build | Castle |
Build order — StealthRage33
First 150 of 152 actions detected
| 0:07 | Build | House |
| 0:08 | Queue | Villager (Male) |
| 0:09 | Queue | Villager (Male) |
| 0:09 | Queue | Villager (Male) |
| 0:24 | Queue | Villager (Male) |
| 0:31 | Build | House |
| 1:15 | Queue | Villager (Male) |
| 2:00 | Queue | Villager (Male) |
| 2:01 | Queue | Villager (Male) |
| 2:14 | Queue | Villager (Male) |
| 3:07 | Queue | Villager (Male) |
| 3:07 | Queue | Villager (Male) |
| 3:32 | Queue | Villager (Male) |
| 3:47 | Queue | Villager (Male) |
| 3:47 | Queue | Villager (Male) |
| 4:10 | Queue | Villager (Male) |
| 4:19 | Build | House |
| 4:43 | Build | House |
| 4:49 | Queue | Villager (Male) |
| 5:09 | Queue | Villager (Male) |
| 5:29 | Build | Mill |
| 5:44 | Queue | Villager (Male) |
| 5:44 | Queue | Villager (Male) |
| 6:13 | Build | Barracks |
| 6:49 | Research | Loom |
| 7:11 | Build | Lumber Camp |
| 7:26 | Build | House |
| 8:02 | Build | Palisade Gate |
| 8:04 | Build | House |
| 8:16 | Research | Feudal Age |
| 9:19 | Queue | Militia |
| 9:19 | Queue | Militia |
| 10:26 | Age | Feudal Age |
| 10:33 | Queue | Spearman |
| 10:33 | Queue | Spearman |
| 11:00 | Build | Mill |
| 11:03 | Queue | Villager (Male) |
| 11:04 | Queue | Villager (Male) |
| 11:04 | Queue | Villager (Male) |
| 11:12 | Queue | Spearman |
| 11:21 | Build | Blacksmith |
| 12:14 | Build | Mining Camp |
| 12:17 | Queue | Villager (Male) |
| 13:03 | Build | Archery Range |
| 13:08 | Build | House |
| 13:10 | Build | House |
| 13:51 | Queue | Skirmisher |
| 13:52 | Queue | Skirmisher |
| 13:52 | Queue | Skirmisher |
| 13:52 | Queue | Skirmisher |
| 15:03 | Build | House |
| 15:05 | Build | House |
| 15:06 | Build | House |
| 15:09 | Research | Castle Age |
| 15:38 | Queue | Skirmisher |
| 16:23 | Research | Horse Collar |
| 16:46 | Research | Fletching |
| 17:19 | Queue | Skirmisher |
| 17:22 | Build | Farm |
| 17:22 | Build | Farm |
| 17:22 | Build | Farm |
| 17:23 | Build | Farm |
| 17:23 | Build | Farm |
| 17:23 | Build | Farm |
| 17:49 | Age | Castle Age |
| 17:50 | Build | Farm |
| 18:04 | Build | Farm |
| 18:09 | Build | Farm |
| 18:22 | Queue | Skirmisher |
| 18:35 | Queue | Skirmisher |
| 19:01 | Queue | Villager (Male) |
| 19:03 | Queue | Skirmisher |
| 19:23 | Build | Town Center |
| 19:33 | Queue | Villager (Male) |
| 19:40 | Queue | Skirmisher |
| 19:55 | Research | Double-Bit Axe |
| 20:22 | Queue | Villager (Male) |
| 20:35 | Research | Elite Skirmisher (upgrade) |
| 21:09 | Queue | Villager (Male) |
| 21:09 | Queue | Villager (Male) |
| 21:13 | Queue | Villager (Male) |
| 21:17 | Queue | Skirmisher |
| 21:58 | Queue | Skirmisher |
| 22:02 | Queue | Spearman |
| 22:02 | Queue | Spearman |
| 22:18 | Queue | Villager (Male) |
| 22:20 | Build | Farm |
| 22:55 | Queue | Skirmisher |
| 23:00 | Research | Padded Archer Armor |
| 23:03 | Build | Farm |
| 23:06 | Queue | Villager (Male) |
| 23:41 | Queue | Skirmisher |
| 23:41 | Queue | Skirmisher |
| 23:41 | Queue | Skirmisher |
| 23:54 | Build | Farm |
| 23:55 | Queue | Villager (Male) |
| 23:58 | Queue | Villager (Male) |
| 24:54 | Build | Farm |
| 24:56 | Queue | Skirmisher |
| 24:58 | Queue | Skirmisher |
| 24:58 | Queue | Skirmisher |
| 24:59 | Queue | Skirmisher |
| 25:03 | Queue | Villager (Male) |
| 25:07 | Queue | Villager (Male) |
| 25:12 | Queue | Villager (Male) |
| 25:28 | Build | Archery Range |
| 25:47 | Build | Farm |
| 26:14 | Queue | Skirmisher |
| 26:18 | Research | Bodkin Arrow |
| 26:31 | Queue | Skirmisher |
| 26:31 | Queue | Skirmisher |
| 26:31 | Queue | Skirmisher |
| 26:55 | Build | Mining Camp |
| 27:15 | Queue | Skirmisher |
| 27:15 | Queue | Skirmisher |
| 27:29 | Queue | Skirmisher |
| 28:27 | Queue | Villager (Male) |
| 28:28 | Queue | Villager (Male) |
| 29:01 | Queue | Skirmisher ×5 |
| 29:35 | Queue | Skirmisher |
| 30:22 | Queue | Elephant Archer |
| 30:29 | Build | Farm |
| 30:35 | Queue | Villager (Male) ×4 |
| 30:58 | Queue | Elephant Archer |
| 31:30 | Build | Castle |
| 31:45 | Queue | Elephant Archer |
| 31:45 | Queue | Elephant Archer |
| 31:54 | Build | University |
| 31:56 | Queue | Villager (Male) |
| 31:57 | Queue | Villager (Male) |
| 32:00 | Research | Wheelbarrow |
| 32:22 | Queue | Skirmisher |
| 32:22 | Queue | Skirmisher |
| 32:23 | Queue | Skirmisher |
| 32:25 | Queue | Elephant Archer |
| 32:38 | Queue | Villager (Male) |
| 32:39 | Queue | Villager (Male) |
| 32:58 | Queue | Elephant Archer |
| 33:12 | Research | Ballistics |
| 33:24 | Build | Farm |
| 33:25 | Build | Farm |
| 33:31 | Queue | Elephant Archer |
| 33:33 | Queue | Skirmisher |
| 33:34 | Queue | Skirmisher |
| 33:53 | Queue | Villager (Male) |
| 33:54 | Queue | Villager (Male) |
| 33:58 | Queue | Elephant Archer |
| 34:18 | Queue | Elephant Archer |
| 34:48 | Build | Farm |
| 34:49 | Queue | Villager (Male) |
Build order — Quando
First 150 of 500 actions detected
| 0:02 | Queue | Villager (Male) |
| 0:02 | Queue | Villager (Male) |
| 0:02 | Queue | Villager (Male) |
| 0:03 | Build | House |
| 0:06 | Build | House |
| 0:22 | Queue | Villager (Male) |
| 1:31 | Queue | Villager (Male) |
| 2:09 | Queue | Villager (Male) |
| 2:19 | Build | Lumber Camp |
| 2:22 | Queue | Villager (Male) |
| 2:41 | Queue | Villager (Male) |
| 3:08 | Queue | Villager (Male) |
| 3:23 | Queue | Villager (Male) |
| 3:53 | Build | House |
| 4:07 | Queue | Villager (Male) |
| 4:26 | Queue | Villager (Male) |
| 4:40 | Queue | Villager (Male) |
| 5:07 | Build | Mill |
| 5:08 | Queue | Villager (Male) |
| 5:40 | Queue | Villager (Male) |
| 6:00 | Build | Barracks |
| 6:08 | Queue | Villager (Male) |
| 6:31 | Build | Mill |
| 6:45 | Queue | Villager (Male) |
| 6:48 | Research | Loom |
| 7:00 | Queue | Militia |
| 7:01 | Queue | Militia |
| 7:01 | Queue | Militia |
| 7:04 | Build | House |
| 7:27 | Build | Mining Camp |
| 7:45 | Research | Feudal Age |
| 8:17 | Queue | Militia |
| 8:30 | Build | House |
| 8:34 | Queue | Militia |
| 9:08 | Queue | Villager (Male) |
| 9:55 | Age | Feudal Age |
| 9:57 | Build | Archery Range |
| 9:58 | Research | Man-at-Arms (upgrade) |
| 10:05 | Build | Archery Range |
| 10:08 | Research | Double-Bit Axe |
| 10:10 | Queue | Villager (Male) |
| 10:37 | Queue | Villager (Male) |
| 10:42 | Queue | Archer |
| 11:04 | Queue | Villager (Male) |
| 11:08 | Build | House |
| 11:21 | Queue | Villager (Male) |
| 11:22 | Queue | Archer |
| 11:30 | Build | Palisade Gate |
| 11:32 | Build | Palisade Wall |
| 11:46 | Queue | Villager (Male) |
| 11:49 | Queue | Archer |
| 11:50 | Queue | Archer |
| 11:56 | Build | Farm |
| 11:57 | Build | Farm |
| 12:06 | Build | Palisade Wall |
| 12:11 | Queue | Villager (Male) |
| 12:24 | Queue | Archer |
| 12:24 | Queue | Archer |
| 12:33 | Build | Blacksmith |
| 12:36 | Build | House |
| 12:45 | Queue | Villager (Male) |
| 12:53 | Build | House |
| 12:56 | Build | Palisade Wall |
| 13:02 | Queue | Archer |
| 13:03 | Queue | Archer |
| 13:04 | Queue | Villager (Male) |
| 13:17 | Queue | Villager (Male) |
| 13:19 | Build | Farm |
| 13:27 | Queue | Archer |
| 13:28 | Queue | Archer |
| 13:38 | Research | Fletching |
| 13:41 | Build | Farm |
| 13:53 | Build | House |
| 13:54 | Build | House |
| 14:15 | Queue | Villager (Male) |
| 14:16 | Queue | Archer |
| 14:16 | Queue | Archer |
| 14:28 | Queue | Villager (Male) |
| 14:30 | Build | House |
| 14:43 | Queue | Archer |
| 14:43 | Queue | Archer |
| 14:44 | Queue | Villager (Male) |
| 15:00 | Build | House |
| 15:02 | Build | Palisade Wall |
| 15:10 | Queue | Archer |
| 15:11 | Queue | Archer |
| 15:16 | Queue | Villager (Male) |
| 15:22 | Build | Palisade Wall |
| 15:38 | Build | Farm |
| 15:49 | Queue | Archer |
| 15:49 | Queue | Archer |
| 15:53 | Queue | Villager (Male) |
| 15:58 | Queue | Villager (Male) |
| 16:29 | Queue | Villager (Male) |
| 16:30 | Queue | Archer |
| 16:30 | Queue | Archer |
| 16:47 | Queue | Villager (Male) |
| 16:49 | Build | Farm |
| 16:50 | Build | Farm |
| 16:53 | Build | Farm |
| 16:58 | Build | Farm |
| 17:10 | Queue | Archer |
| 17:10 | Queue | Archer |
| 17:27 | Queue | Archer |
| 17:27 | Queue | Archer |
| 17:56 | Queue | Villager (Male) |
| 17:56 | Queue | Villager (Male) |
| 18:02 | Build | Market |
| 18:17 | Queue | Archer |
| 18:17 | Queue | Archer |
| 18:18 | Queue | Villager (Male) |
| 18:22 | Build | Farm |
| 18:23 | Queue | Villager (Male) |
| 18:25 | Build | Farm |
| 18:47 | Build | Farm |
| 18:47 | Build | Farm |
| 19:17 | Build | Farm |
| 19:18 | Build | Farm |
| 19:28 | Build | Lumber Camp |
| 19:32 | Build | House |
| 19:35 | Build | Palisade Wall |
| 19:39 | Queue | Villager (Male) |
| 19:49 | Build | Palisade Wall |
| 20:18 | Research | Castle Age |
| 20:22 | Build | House |
| 20:26 | Build | Palisade Wall |
| 20:30 | Build | Lumber Camp |
| 20:39 | Build | House |
| 20:41 | Build | House |
| 20:48 | Queue | Militia |
| 20:49 | Queue | Militia |
| 21:09 | Research | Horse Collar |
| 21:24 | Queue | Militia |
| 21:31 | Build | Farm |
| 21:47 | Build | Farm |
| 21:49 | Build | Farm |
| 21:50 | Build | Mill |
| 21:50 | Build | Farm |
| 22:00 | Queue | Militia |
| 22:01 | Queue | Villager (Male) |
| 22:03 | Research | Scale Mail Armor |
| 22:22 | Queue | Militia |
| 22:26 | Build | Palisade Wall |
| 22:46 | Queue | Militia |
| 22:49 | Build | Barracks |
| 22:55 | Build | House |
| 22:58 | Age | Castle Age |
| 23:02 | Research | Long Swordsman (upgrade) |
| 23:10 | Queue | Villager (Male) |
| 23:30 | Queue | Villager (Male) |
Build order — Plyco
137 actions detected in the replay
| 0:03 | Queue | Villager (Male) |
| 0:03 | Queue | Villager (Male) |
| 0:03 | Queue | Villager (Male) |
| 0:04 | Queue | Villager (Male) |
| 0:05 | Build | House |
| 0:25 | Build | House |
| 1:55 | Queue | Villager (Male) |
| 2:20 | Queue | Villager (Male) |
| 2:21 | Queue | Villager (Male) |
| 2:51 | Queue | Villager (Male) |
| 2:54 | Queue | Villager (Male) |
| 3:30 | Queue | Villager (Male) |
| 3:30 | Queue | Villager (Male) |
| 3:38 | Build | House |
| 3:55 | Queue | Villager (Male) |
| 3:55 | Queue | Villager (Male) |
| 4:12 | Build | House |
| 4:39 | Queue | Villager (Male) |
| 5:13 | Build | Lumber Camp |
| 5:15 | Queue | Villager (Male) |
| 5:15 | Queue | Villager (Male) |
| 6:08 | Queue | Villager (Male) |
| 6:09 | Queue | Villager (Male) |
| 6:32 | Build | Mill |
| 6:47 | Queue | Villager (Male) |
| 6:47 | Queue | Villager (Male) |
| 7:42 | Build | Mining Camp |
| 7:54 | Research | Loom |
| 8:19 | Research | Feudal Age |
| 8:19 | Research | Feudal Age |
| 8:31 | Build | House |
| 8:40 | Build | Barracks |
| 8:53 | Queue | Villager (Male) |
| 8:53 | Queue | Villager (Male) |
| 9:04 | Build | House |
| 9:06 | Build | House |
| 9:53 | Build | Palisade Wall |
| 9:58 | Build | Palisade Gate |
| 10:14 | Build | Mill |
| 10:29 | Age | Feudal Age |
| 10:45 | Build | House |
| 10:47 | Build | House |
| 11:03 | Build | House |
| 11:13 | Build | House |
| 11:14 | Build | Palisade Wall |
| 11:28 | Build | House |
| 11:32 | Build | Palisade Wall |
| 11:34 | Build | Palisade Wall |
| 11:38 | Queue | Villager (Male) |
| 11:38 | Queue | Villager (Male) |
| 11:38 | Queue | Villager (Male) |
| 11:42 | Queue | Militia |
| 11:42 | Queue | Militia |
| 11:42 | Queue | Militia |
| 11:43 | Queue | Militia |
| 12:08 | Queue | Militia |
| 12:09 | Queue | Militia |
| 12:35 | Build | House |
| 12:51 | Research | Man-at-Arms (upgrade) |
| 13:02 | Queue | Villager (Male) |
| 13:03 | Queue | Villager (Male) |
| 13:03 | Queue | Villager (Male) |
| 13:17 | Build | Palisade Gate |
| 13:59 | Build | Lumber Camp |
| 14:00 | Queue | Villager (Male) |
| 14:00 | Queue | Villager (Male) |
| 14:40 | Queue | Militia |
| 14:40 | Queue | Militia |
| 14:42 | Research | Double-Bit Axe |
| 14:48 | Build | Farm |
| 14:59 | Queue | Villager (Male) |
| 14:59 | Queue | Villager (Male) |
| 15:08 | Build | Farm |
| 15:08 | Build | Farm |
| 15:14 | Queue | Militia |
| 15:15 | Queue | Militia |
| 15:27 | Build | Farm |
| 15:36 | Build | Watch Tower |
| 15:41 | Queue | Villager (Male) |
| 15:42 | Queue | Militia |
| 16:00 | Build | Farm |
| 16:42 | Build | Market |
| 17:26 | Build | Watch Tower |
| 17:33 | Queue | Militia |
| 18:28 | Queue | Villager (Male) |
| 18:28 | Queue | Villager (Male) |
| 18:28 | Queue | Villager (Male) |
| 19:37 | Build | House |
| 20:10 | Queue | Villager (Male) |
| 20:11 | Queue | Villager (Male) |
| 20:18 | Build | Farm |
| 20:32 | Build | Farm |
| 20:33 | Build | Farm |
| 20:48 | Build | Farm |
| 20:51 | Build | Farm |
| 21:01 | Queue | Villager (Male) |
| 21:06 | Build | Farm |
| 21:38 | Build | Stable |
| 21:41 | Queue | Villager (Male) |
| 21:41 | Queue | Villager (Male) |
| 21:49 | Build | Farm |
| 22:04 | Queue | Scout Cavalry |
| 22:04 | Queue | Scout Cavalry |
| 22:13 | Build | Mining Camp |
| 22:17 | Queue | Villager (Male) |
| 22:23 | Build | Farm |
| 22:26 | Queue | Scout Cavalry |
| 22:51 | Build | Farm |
| 22:51 | Build | Farm |
| 22:54 | Queue | Scout Cavalry |
| 22:59 | Queue | Villager (Male) |
| 23:22 | Build | Stable |
| 23:31 | Queue | Villager (Male) |
| 23:32 | Queue | Villager (Male) |
| 23:37 | Build | Farm |
| 23:40 | Build | Farm |
| 23:41 | Build | Farm |
| 24:07 | Build | Farm |
| 24:11 | Research | Horse Collar |
| 24:13 | Queue | Villager (Male) |
| 24:13 | Queue | Villager (Male) |
| 24:42 | Queue | Villager (Male) |
| 24:42 | Queue | Villager (Male) |
| 24:42 | Queue | Villager (Male) |
| 24:57 | Build | Farm |
| 25:32 | Build | Palisade Wall |
| 25:41 | Build | Farm |
| 25:42 | Build | Farm |
| 25:42 | Build | Farm |
| 26:08 | Queue | Spearman |
| 26:09 | Queue | Spearman |
| 26:09 | Queue | Spearman |
| 26:09 | Queue | Spearman |
| 26:33 | Build | Watch Tower |
| 26:37 | Build | House |
| 26:39 | Build | House |
| 27:14 | Build | Watch Tower |
Match timeline
| 6:00 | Quando · first_building Barracks |
| 6:13 | StealthRage33 · first_building Barracks |
| 7:36 | Fr4ggi · wall_segment Palisade Wall x13 |
| 8:15 | Fr4ggi · wall_segment Palisade Wall x9 |
| 8:19 | PJtheDcoy · first_building Barracks |
| 8:35 | PJtheDcoy · wall_segment Palisade Wall x9 |
| 8:40 | Plyco · first_building Barracks |
| 8:47 | PJtheDcoy · wall_segment Palisade Wall x1 |
| 9:17 | Fr4ggi · first_building Barracks |
| 9:47 | Fr4ggi · wall_segment Palisade Wall x18 |
| 9:53 | Plyco · wall_segment Palisade Wall x6 |
| 9:55 | Quando · age_up feudal |
| 9:57 | Quando · first_building Archery Range |
| 9:58 | PJtheDcoy · wall_segment Palisade Wall x10 |
| 10:22 | Fr4ggi · wall_segment Palisade Wall x23 |
| 10:25 | PJtheDcoy · age_up feudal |
| 10:26 | StealthRage33 · age_up feudal |
| 10:29 | Plyco · age_up feudal |
| 10:33 | PJtheDcoy · first_building Archery Range |
| 10:43 | OGloc · first_building Barracks |
| 11:00 | PJtheDcoy · wall_segment Palisade Wall x12 |
| 11:14 | Plyco · wall_segment Palisade Wall x1 |
| 11:32 | Plyco · wall_segment Palisade Wall x5 |
| 11:32 | Quando · wall_segment Palisade Wall x1 |
| 11:34 | Plyco · wall_segment Palisade Wall x7 |
| 11:48 | Fr4ggi · age_up feudal |
| 11:52 | OGloc · age_up feudal |
| 11:56 | Fr4ggi · first_building Stable |
| 12:06 | Quando · wall_segment Palisade Wall x5 |
| 12:56 | Quando · wall_segment Palisade Wall x6 |
| 13:03 | StealthRage33 · first_building Archery Range |
| 13:18 | Fr4ggi · wall_segment Palisade Wall x19 |
| 14:22 | PJtheDcoy · wall_segment Palisade Wall x6 |
| 14:33 | PJtheDcoy · wall_segment Palisade Wall x12 |
| 14:48 | PJtheDcoy · wall_segment Palisade Wall x1 |
| 15:02 | Quando · wall_segment Palisade Wall x5 |
| 15:22 | Quando · wall_segment Palisade Wall x15 |
| 15:30 | OGloc · age_up castle |
| 17:01 | Plyco · first_market_buy 100 stone |
| 17:49 | StealthRage33 · age_up castle |
| 19:14 | PJtheDcoy · wall_segment Palisade Wall x18 |
| 19:16 | Fr4ggi · age_up castle |
| 19:35 | Quando · wall_segment Palisade Wall x20 |
| 19:49 | Quando · wall_segment Palisade Wall x1 |
| 20:02 | Quando · first_market_buy 100 food |
| 20:26 | Quando · wall_segment Palisade Wall x6 |
| 21:38 | Plyco · first_building Stable |
| 22:26 | Quando · wall_segment Palisade Wall x1 |
| 22:27 | OGloc · first_market_buy 100 food |
| 22:58 | Quando · age_up castle |
| 23:16 | PJtheDcoy · age_up castle |
| 23:36 | Quando · first_building Siege Workshop |
| 25:32 | Plyco · wall_segment Palisade Wall x19 |
| 25:47 | OGloc · first_building Monastery |
| 25:50 | Plyco · first_market_sell 100 stone |
| 26:33 | OGloc · first_building Archery Range |
| 28:06 | Plyco · resign |
| 28:52 | Quando · first_building Monastery |
| 29:01 | PJtheDcoy · first_building Castle |
| 29:11 | Fr4ggi · first_building Siege Workshop |
| 30:38 | Quando · wall_segment Palisade Wall x4 |
| 31:29 | OGloc · first_building Castle |
| 31:30 | StealthRage33 · first_building Castle |
| 31:44 | PJtheDcoy · first_building Siege Workshop |
| 32:49 | Fr4ggi · age_up imperial |
| 34:05 | Quando · first_building Castle |
| 36:42 | PJtheDcoy · first_market_sell 500 food |
| 36:46 | OGloc · age_up imperial |
| 37:42 | Quando · first_market_sell 100 food |
| 38:52 | OGloc · first_market_sell 500 wood |
| 39:27 | Fr4ggi · first_building Castle |
| 39:55 | PJtheDcoy · age_up imperial |
| 42:27 | Quando · wall_segment Palisade Wall x7 |
| 43:06 | Quando · age_up imperial |
| 51:15 | Fr4ggi · first_market_sell 500 food |
[ AI ANALYSIS · 1 CREDIT ]
What really happened in this match?
Wolo.gg analyzes every decision: build order, eco, micro, common mistakes by bracket. Personalized analysis on WhatsApp or Discord in 30 seconds.
Civ guide
Persians
Perfil
Jugador #6051949